 Dungeon Crawl Stone Soup version 0.31-a0-187-gba352fbbf7 (webtiles) character file.

Game seed: 13935726750759994805

211 qw the Skirmisher (level 5, 0/29 HPs)
             Began as a Deep Elf Hunter on June 22, 2023.
             Slain by a goblin
             ... wielding a +0 club
             ... led by Robin
              (2 damage)
             ... on level 2 of the Dungeon.
             The game lasted 00:00:29 (1612 turns).

qw the Skirmisher (Deep Elf Hunter)                 Turns: 1612, Time: 00:00:30

Health: 0/29       AC:  4    Str: 10    XL:     5   Next: 57%
Magic:  7/7        EV: 12    Int: 14    God:
Gold:   80         SH:  0    Dex: 18    Spells: 4/4 levels left

rFire   . . .        Y - +0 shortbow
rCold   . . .        (shield currently unavailable)
rNeg    . . .        c - +0 leather armour
rPois   .            (no helmet)
rElec   .            (no cloak)
rCorr   .            (no gloves)
SInv    .            d - +0 pair of boots
Will    .....        (no amulet)
Stlth   ++           (no ring)
HPRegen 0.24/turn    (no ring)
MPRegen 0.10/turn

%: no passive effects
@: no status effects
A: no striking features
a: no special abilities


You were on level 2 of the Dungeon.
You visited 1 branch of the dungeon, and saw 2 of its levels.

You collected 80 gold pieces.


   Skills:
 - Level 1.5 Fighting
 - Level 9.0 Ranged Weapons
 + Level 2.8 Dodging
 - Level 1.2 Stealth


You had 4 spell levels left.
You didn't know any spells.
Your spell library was empty.

Inventory:

Hand Weapons
 Y - a +0 shortbow (weapon)
Armour
 c - a +0 leather armour (worn)
 d - a +0 pair of boots (worn)
 g - a +0 scale mail
Jewellery
 f - a ring of willpower
Scrolls
 a - a scroll of poison {unknown}
 b - 2 scrolls of identify {unknown}
 e - a scroll of fear {unknown}
 h - a scroll of teleportation {unknown}
Potions
 i - a potion of enlightenment {unknown}

Dungeon Overview and Level Annotations

Branches:
Dungeon (2/15)

Altars:

Annotations:
D:2 Robin


Message History

The goblin hits you with a +0 dagger. The goblin closely misses you.
You shoot an arrow. The arrow barely misses the goblin.
The goblin closely misses you. The goblin hits you with a +0 dagger.
The goblin hits you with a +0 club.
You shoot an arrow. The arrow hits the goblin.
You kill the goblin!
Robin hits you with a +0 mace of protection.
The goblin hits you with a +0 club. The goblin closely misses you.
You shoot an arrow. The arrow hits the goblin.
You kill the goblin!
Robin barely misses you. The goblin hits you but does no damage.
A goblin comes into view. It is wielding a +0 club.
A hobgoblin comes into view.
You shoot an arrow. The arrow completely misses Robin.
Robin closely misses you. The goblin hits you with a +0 dagger.
You shoot an arrow. The arrow hits Robin.
Robin is lightly wounded.
Robin hits you with a +0 mace of protection.
The goblin barely misses you.
You shoot an arrow.
The arrow hits Robin but does no damage.
Robin is lightly wounded.
Robin hits you but does no damage. The goblin closely misses you.
The hobgoblin closely misses you.
A goblin comes into view. It is wielding a +0 club.
You shoot an arrow.
The arrow hits Robin but does no damage.
Robin is lightly wounded.
Robin closely misses you. The goblin barely misses you. x2
The hobgoblin closely misses you.
You shoot an arrow. The arrow hits Robin.
Robin is heavily wounded.
Robin throws the goblin at you! The goblin barely misses you.
The goblin hits you but does no damage. The hobgoblin closely misses you.
The goblin completely misses you.
You shoot an arrow.
The arrow hits Robin but does no damage.
Robin is heavily wounded.
The goblin closely misses you. The goblin hits you with a +0 club.
You die...

>................#
..#####....####... #....#
#.# #....# #..
#....####### #.#.....#
###+## #.#.....####
...##..gg# #.......'..#
.....).g@#######.....##.#
#......gg........####...#
#...)##.#.######(####.###
+....+..#.# #).....##.#
#.). ####.# #......##.#
#.. #.# #......##.# #.g
#.# #......##.# #.#
#......##.#
#.######'####.#


You could see Robin, a hobgoblin (strong) and 3 goblins.

Vanquished Creatures
  Sigmund (D:2)
  A worm (D:2)
  A dart slug (D:2)
  4 endoplasms
  5 giant cockroaches
  6 goblins
  3 hobgoblins
  A quokka (D:2)
  4 ball pythons
  5 bats
  2 frilled lizards
  4 kobolds
  5 rats (D:1)
42 creatures vanquished.

Notes
Turn   | Place    | Note
-------+----------+-------------------------------------------
     0 | D:1      | qw the Deep Elf Hunter began the quest for the Orb.
     0 | D:1      | Reached XP level 1. HP: 12/12 MP: 3/3
     0 | D:1      | 0 ||| qw: Version: 0.3-a-9-g12657ce
     0 | D:1      | 0 ||| qw: Game counter: 2362
     0 | D:1      | 0 ||| qw: Always use a shield: true
     0 | D:1      | 0 ||| qw: God list: Okawaru
     0 | D:1      | 0 ||| qw: Allow faded altars: false
     0 | D:1      | 0 ||| qw: Do Orc after D:15 true
     0 | D:1      | 0 ||| qw: Do second Lair branch before Depths: true
     0 | D:1      | 0 ||| qw: Lair rune preference: random
     0 | D:1      | 0 ||| qw: Plans: Normal
     0 | D:1      | 0 ||| PLANNING D:1-11
   242 | D:1      | Reached XP level 2. HP: 16/16 MP: 4/4
   245 | D:1      | Reached skill level 6 in Ranged Weapons
   819 | D:1      | 819 ||| UPGRADING to +0 pair of boots.
   824 | D:1      | 824 ||| READING scroll labelled ICZAAT BURAM.
   825 | D:1      | 825 ||| READING scroll labelled ELO MAKATEURI.
   826 | D:1      | 826 ||| READING scroll labelled IMODOA MAKICACH.
   827 | D:1      | 827 ||| DROPPING scroll of butterflies.
   946 | D:2      | Noticed Sigmund
   953 | D:2      | Killed Sigmund
   954 | D:2      | Reached skill level 8 in Ranged Weapons
   954 | D:2      | Reached XP level 3. HP: 20/20 MP: 5/5
   954 | D:2      | Reached XP level 4. HP: 25/25 MP: 6/6
   954 | D:2      | Reached XP level 5. HP: 29/29 MP: 7/7
  1227 | D:2      | Reached skill level 9 in Ranged Weapons
  1596 | D:2      | Noticed Robin
  1597 | D:2      | 1597 ||| Stepping ~*~*~tactically~*~*~ (outnumbered).
  1605 | D:2      | HP: 6/29 [goblin/+0 club[Robin] (4)]
  1608 | D:2      | HP: 1/29 [Robin/+0 mace of protection (3)]
  1612 | D:2      | Slain by a goblin

Levels and vault maps discovered:
D:1:      tekkud_arrival_beachfront_property, layout_loops_ring, fountainhead
D:2:      layout_basic, uniq_sigmund, uniq_robin

Skill      XL: |  1  2  3  4  5 |
---------------+----------------+-----
Ranged Weapons | 8 9 |  9.0
Fighting       | |  1.5
Dodging        | |  2.8
Stealth        | |  1.2

Action                     |  1- 3 |  4- 6 || total
---------------------------+-------+-------++-------
   Fire: Shortbow          |    70 |    44 ||   114
    Use: Scroll            |     3 |       ||     3
 Armour: Leather armour    |    12 |     5 ||    17
  Dodge: Dodged            |    24 |    18 ||    42

Table legend:
 A = Non-vault XP
 B = Vault XP
 C = Vault XP percentage of total XP
 D = Non-vault monster count
 E = Vault monster count
 F = Vault count percentage of total count
                 A         B        C        D         E       F
            +---------+---------+-------+---------+---------+-------
      Total |      59 |     243 |  80.5 |      34 |       8 |  19.0
            +---------+---------+-------+---------+---------+-------
        D:1 |      33 |       0 |   0.0 |      21 |       0 |   0.0
        D:2 |      26 |     243 |  90.3 |      13 |       8 |  38.1
            +---------+---------+-------+---------+---------+-------
